SAAA
TORTOLITA DRUMMERS @ VERMONT LAKE MONSTERS
06/19/2026
 
TOP OF THE 1ST
Tortolita Drummers batting - Pitching for Vermont Lake Monsters : RHP Mario Pérez
Pitching: RHP Mario Pérez
Batting: RHB Jesús Martínez 0-0: Ground out 6-3 (Groundball, 6)
Batting: SHB Dan Godwin 0-0: Ball
1-0: Ground out 3-1 (Groundball, 34S)
Batting: RHB Tyrone Scott 0-0: Ball
1-0: Foul Ball, location: 2F
1-1: Foul Ball, location: 2F
1-2: Foul Ball, location: 2F
1-2: Fly out, F9 (Flyball, 9LS)
Top of the 1st over - 0 run(s), 0 hit(s), 0 error(s), 0 left on base; Tortolita 0 - Vermont 0
BOTTOM OF THE 1ST
Vermont Lake Monsters batting - Pitching for Tortolita Drummers : RHP Eduardo Bravo
Pitching: RHP Eduardo Bravo
Batting: RHB António Mendoza 0-0: Called Strike
0-1: Called Strike
0-2: Ball
1-2: Ball
2-2: Ball
3-2: Base on Balls
Batting: RHB Xing-li Wang 0-0: Ball
1-0: Called Strike
1-1: Foul Ball, location: 2F
1-2: Strikes out swinging
António Mendoza is caught stealing 2nd base
Batter strikes out.
Batting: RHB Adrian Smith 0-0: Ball
1-0: Ball
2-0: Foul Ball, location: 2F
2-1: Ball
3-1: Called Strike
3-2: Foul Ball, location: 2F
3-2: SINGLE (Groundball, 6MD)
Batting: RHB Ray John 0-0: Swinging Strike
0-1: Foul Ball, location: 2F
0-2: Strikes out looking
Bottom of the 1st over - 0 run(s), 1 hit(s), 0 error(s), 1 left on base; Tortolita 0 - Vermont 0
TOP OF THE 2ND
Tortolita Drummers batting - Pitching for Vermont Lake Monsters : RHP Mario Pérez
Batting: RHB John Moore 0-0: Called Strike
0-1: Foul Ball, location: 2F
0-2: Ball
1-2: Foul Ball, location: 2F
1-2: Strikes out swinging
Batting: RHB Jorge Rosa 0-0: Ball
1-0: Called Strike
1-1: Called Strike
1-2: Strikes out swinging
Batting: RHB Blair Sweeny 0-0: Called Strike
0-1: Fly out, F9 (Flyball, 89S)
Top of the 2nd over - 0 run(s), 0 hit(s), 0 error(s), 0 left on base; Tortolita 0 - Vermont 0
BOTTOM OF THE 2ND
Vermont Lake Monsters batting - Pitching for Tortolita Drummers : RHP Eduardo Bravo
Batting: LHB Ramón Gómez 0-0: Ball
1-0: Foul Ball, location: 2F
1-1: Ball
2-1: Called Strike
2-2: Fly out, F8 (Flyball, 8RM)
Batting: RHB Showander Descarte 0-0: Foul Ball, location: 2F
0-1: Ground out 6-3 (Groundball, 6)
Batting: LHB Arturo Gonzáles 0-0: Called Strike
0-1: Ball
1-1: Called Strike
1-2: Hit by Pitch
Batting: RHB Zelmar Barajas 0-0: Called Strike
0-1: Ground out U3 (Groundball, 34)
Bottom of the 2nd over - 0 run(s), 0 hit(s), 0 error(s), 1 left on base; Tortolita 0 - Vermont 0
TOP OF THE 3RD
Tortolita Drummers batting - Pitching for Vermont Lake Monsters : RHP Mario Pérez
Batting: RHB Ricardo Pacheco 0-0: Ball
1-0: Foul Ball, location: 2F
1-1: Swinging Strike
1-2: Foul Ball, location: 2F
1-2: Ball
2-2: Strikes out swinging
Batting: RHB Alexis Smeddon 0-0: Ball
1-0: Ball
2-0: Foul Ball, location: 2F
2-1: Foul Ball, location: 2F
2-2: Ground out 4-3 (Groundball, 4)
Batting: RHB Donald X. Cabell 0-0: Swinging Strike
0-1: Called Strike
0-2: Ball
1-2: Strikes out swinging
Top of the 3rd over - 0 run(s), 0 hit(s), 0 error(s), 0 left on base; Tortolita 0 - Vermont 0
BOTTOM OF THE 3RD
Vermont Lake Monsters batting - Pitching for Tortolita Drummers : RHP Eduardo Bravo
Batting: SHB Javier Vega 0-0: Ball
1-0: Fly out, F4 (Popup, 34D)
Batting: RHB António Mendoza 0-0: Ball
1-0: Foul Ball, location: 2F
1-1: SOLO HOME RUN (Flyball, 8RXD), Distance : 445 ft
Batting: RHB Xing-li Wang 0-0: Ball
1-0: Ball
2-0: Ball
3-0: Called Strike
3-1: Swinging Strike
3-2: Strikes out swinging
Batting: RHB Adrian Smith 0-0: Swinging Strike
0-1: Swinging Strike
0-2: Ball
1-2: Ball
2-2: Strikes out swinging, 2-3 out at first.
Bottom of the 3rd over - 1 run(s), 1 hit(s), 0 error(s), 0 left on base; Tortolita 0 - Vermont 1
TOP OF THE 4TH
Tortolita Drummers batting - Pitching for Vermont Lake Monsters : RHP Mario Pérez
Batting: RHB Jesús Martínez 0-0: Called Strike
0-1: Ground out 5-3 (Groundball, 56)
Batting: SHB Dan Godwin 0-0: Called Strike
0-1: Foul Ball, location: 2F
0-2: Foul Ball, location: 2F
0-2: Ball
1-2: Ball
2-2: Fly out, F8 (Line Drive, 8RD)
Batting: RHB Tyrone Scott 0-0: Ball
1-0: Ball
2-0: Called Strike
2-1: Fly out, F8 (Flyball, 8RS)
Top of the 4th over - 0 run(s), 0 hit(s), 0 error(s), 0 left on base; Tortolita 0 - Vermont 1
BOTTOM OF THE 4TH
Vermont Lake Monsters batting - Pitching for Tortolita Drummers : RHP Eduardo Bravo
Batting: RHB Ray John 0-0: Ball
1-0: Swinging Strike
1-1: Swinging Strike
1-2: Ball
2-2: Ground out 1-3 (Groundball, P)
Batting: LHB Ramón Gómez 0-0: Ball
1-0: Foul Ball, location: 2F
1-1: Ball
2-1: Ball
3-1: Base on Balls
Batting: RHB Showander Descarte 0-0: Called Strike
0-1: Ball
1-1: 2-RUN HOME RUN (Line Drive, 7D), Distance : 396 ft
Batting: LHB Arturo Gonzáles 0-0: Called Strike
0-1: Called Strike
0-2: Ball
1-2: Ball
2-2: SINGLE (Groundball, 34D)
Batting: RHB Zelmar Barajas 0-0: Ball
1-0: Ball
2-0: Fly out, F7 (Flyball, 7)
Batting: SHB Javier Vega 0-0: Ball
Arturo Gonzáles steals 2nd base
1-0: Ball
2-0: DOUBLE (Flyball, 9D)
Arturo Gonzáles scores
Batting: RHB António Mendoza 0-0: Foul Ball, location: 2F
0-1: Ball
1-1: Ball
2-1: Called Strike
2-2: Strikes out looking
Bottom of the 4th over - 3 run(s), 3 hit(s), 0 error(s), 1 left on base; Tortolita 0 - Vermont 4
TOP OF THE 5TH
Tortolita Drummers batting - Pitching for Vermont Lake Monsters : RHP Mario Pérez
Batting: RHB John Moore 0-0: Called Strike
0-1: Foul Ball, location: 2F
0-2: Fly out, F8 (Flyball, 8LM)
Batting: RHB Jorge Rosa 0-0: Ball
1-0: Called Strike
1-1: Ball
2-1: Ball
3-1: Base on Balls
Batting: RHB Blair Sweeny 0-0: Called Strike
0-1: Ball
1-1: Swinging Strike
1-2: Foul Ball, location: 2F
1-2: Foul Ball, location: 2F
1-2: DOUBLE (Flyball, 9D)
Jorge Rosa to third
Runner from 3rd tries for Home, SAFE, no throw
Batting: RHB Ricardo Pacheco 0-0: Ball
1-0: SINGLE (Groundball, 34D)
Blair Sweeny to third
Runner from 3rd tries for Home, SAFE, throw made home
Batting: RHB Alexis Smeddon 0-0: Called Strike
0-1: Ball
1-1: Ball
2-1: Called Strike
2-2: Ball
3-2: Hit by Pitch
Ricardo Pacheco to second
Batting: RHB Donald X. Cabell 0-0: Ball
1-0: Ball
2-0: Grounds into double play, 1-4-3 (Groundball, 15S)
Top of the 5th over - 2 run(s), 2 hit(s), 0 error(s), 1 left on base; Tortolita 2 - Vermont 4
BOTTOM OF THE 5TH
Vermont Lake Monsters batting - Pitching for Tortolita Drummers : RHP Eduardo Bravo
Batting: RHB Xing-li Wang 0-0: Swinging Strike
0-1: Swinging Strike
0-2: Foul Ball, location: 2F
0-2: Ball
1-2: Foul Ball, location: 2F
1-2: SINGLE (Groundball, 34) (infield hit)
Batting: RHB Adrian Smith 0-0: Ball
1-0: Ball
2-0: Called Strike
2-1: Foul Ball, location: 2F
2-2: Foul Ball, location: 2F
2-2: Foul Ball, location: 2F
2-2: Ball
3-2: Ground out U3 (Groundball, 23)
Xing-li Wang to second
Pitching: LHP Jeremy Petty
Batting: RHB Ray John 0-0: Ball
1-0: Fly out, F9 (Flyball, 9S)
Batting: LHB Ramón Gómez 0-0: Foul Ball, location: 2F
0-1: Ball
1-1: Ball
2-1: Fly out, F8 (Flyball, 8RD)
Bottom of the 5th over - 0 run(s), 1 hit(s), 0 error(s), 1 left on base; Tortolita 2 - Vermont 4
TOP OF THE 6TH
Tortolita Drummers batting - Pitching for Vermont Lake Monsters : RHP Mario Pérez
Batting: RHB Jesús Martínez 0-0: Called Strike
0-1: Bunt missed!
0-2: Fly out, F9 (Flyball, 89M)
Batting: SHB Dan Godwin 0-0: Ball
1-0: Swinging Strike
1-1: Called Strike
1-2: Ball
2-2: Strikes out swinging
Batting: RHB Tyrone Scott 0-0: Ball
1-0: Ball
2-0: Called Strike
2-1: Ball
3-1: Foul Ball, location: 2F
3-2: Foul Ball, location: 2F
3-2: Base on Balls
Batting: RHB John Moore 0-0: Ball
1-0: Ball
2-0: Ball
3-0: Called Strike
3-1: Fly out, F8 (Flyball, 8RM)
Top of the 6th over - 0 run(s), 0 hit(s), 0 error(s), 1 left on base; Tortolita 2 - Vermont 4
BOTTOM OF THE 6TH
Vermont Lake Monsters batting - Pitching for Tortolita Drummers : LHP Jeremy Petty
Batting: RHB Showander Descarte 0-0: Swinging Strike
0-1: Called Strike
0-2: Ball
1-2: Ball
2-2: SINGLE (Line Drive, 56D)
Batting: LHB Arturo Gonzáles 0-0: Foul Ball, location: 2F
0-1: Ball
1-1: Ball
2-1: Ball
3-1: Foul Ball, location: 2F
3-2: Foul Ball, location: 2F
3-2: Strikes out swinging
Batting: RHB Zelmar Barajas 0-0: Swinging Strike
0-1: Ball
1-1: Ball
2-1: Ball
3-1: Called Strike
3-2: Foul Ball, location: 2F
3-2: Foul Ball, location: 2F
3-2: Strikes out swinging
Batting: SHB Javier Vega 0-0: Called Strike
0-1: Ball
1-1: SINGLE (Line Drive, 56)
Showander Descarte to second
Batting: RHB António Mendoza 0-0: Ball
1-0: Ball
2-0: Called Strike
2-1: Called Strike
2-2: Ball
3-2: Fly out, F8 (Flyball, 8RS)
Bottom of the 6th over - 0 run(s), 2 hit(s), 0 error(s), 2 left on base; Tortolita 2 - Vermont 4
TOP OF THE 7TH
Tortolita Drummers batting - Pitching for Vermont Lake Monsters : RHP Mario Pérez
Batting: RHB Jorge Rosa 0-0: Foul Ball, location: 2F
0-1: Foul Ball, location: 2F
0-2: SINGLE (Flyball, 8LS)
Pitching: RHP Alberto Robles
Batting: RHB Blair Sweeny 0-0: Ball
1-0: Bunted foul
1-1: Bunted foul
1-2: Ball
2-2: Foul Ball, location: 2F
2-2: Ball
3-2: SINGLE (Groundball, 56D)
Jorge Rosa to second
Batting: RHB Ricardo Pacheco 0-0: Bunted foul
0-1: Ball
1-1: Bunted foul
1-2: Ball
2-2: Ball
3-2: Foul Ball, location: 2F
3-2: Foul Ball, location: 2F
3-2: Foul Ball, location: 2F
3-2: Foul Ball, location: 2F
3-2: Base on Balls
Jorge Rosa to third
Blair Sweeny to second
Pinch Hitting: SHB Juan Blanco 0-0: Ball
1-0: Ball
2-0: Foul Ball, location: 2F
2-1: Ball
3-1: Base on Balls
Jorge Rosa scores
Blair Sweeny to third
Ricardo Pacheco to second
Pinch Hitting: RHB Eddie O'Bryan 0-0: Ball
1-0: Called Strike
1-1: Foul Ball, location: 2F
1-2: Foul Ball, location: 2F
1-2: SINGLE (Groundball, 56D)
Blair Sweeny scores
Ricardo Pacheco to third
Juan Blanco to second
Batting: RHB Jesús Martínez 0-0: Foul Ball, location: 2F
0-1: DOUBLE (Line Drive, 7LM)
Ricardo Pacheco scores
Juan Blanco scores
Eddie O'Bryan to third
Runner from 3rd tries for Home, SAFE, no throw
Pitching: RHP Wilson Vélez
Batting: SHB Dan Godwin 0-0: Fly out, F8 (Line Drive, 8RM)
Runner from 2nd tags up, SAFE at 3rd with throw
Batting: RHB Tyrone Scott 0-0: Ball
1-0: Ball
2-0: Ball
3-0: Base on Balls
Batting: RHB John Moore 0-0: Called Strike
0-1: Called Strike
0-2: Ball
1-2: Ball
2-2: Fly out, F5 (Popup, 5)
Batting: RHB Jorge Rosa 0-0: Called Strike
0-1: Called Strike
0-2: Foul Ball, location: 2F
0-2: Strikes out swinging
Top of the 7th over - 5 run(s), 4 hit(s), 0 error(s), 2 left on base; Tortolita 7 - Vermont 4
BOTTOM OF THE 7TH
Vermont Lake Monsters batting - Pitching for Tortolita Drummers : LHP Jeremy Petty
Now in LF: Francisco Torres
Now in RF: Jim Unknown
Batting: RHB Xing-li Wang 0-0: Ball
1-0: Called Strike
1-1: Ball
2-1: Ball
3-1: Foul Ball, location: 2F
3-2: Base on Balls
Batting: RHB Adrian Smith 0-0: Foul Ball, location: 2F
0-1: Ball
1-1: Ball
Xing-li Wang steals 2nd base
2-1: DOUBLE (Line Drive, 9LS)
Xing-li Wang scores
Batting: RHB Ray John 0-0: Called Strike
0-1: Foul Ball, location: 2F
0-2: Ground out 5-3 (Groundball, 56)
Batting: LHB Ramón Gómez 0-0: Ground out 4-3 (Groundball, 4)
Adrian Smith to third
Batting: RHB Showander Descarte 0-0: Ground out 6-3 (Groundball, 6)
Bottom of the 7th over - 1 run(s), 1 hit(s), 0 error(s), 1 left on base; Tortolita 7 - Vermont 5
TOP OF THE 8TH
Tortolita Drummers batting - Pitching for Vermont Lake Monsters : RHP Wilson Vélez
Batting: RHB Blair Sweeny 0-0: Ball
1-0: Called Strike
1-1: SINGLE (Flyball, 8LS)
Batting: RHB Ricardo Pacheco 0-0: Sac Bunt - play at first, batter OUT! U3
Blair Sweeny to second
Batting: RHB Francisco Torres 0-0: Called Strike
0-1: Ball
1-1: Called Strike
1-2: DOUBLE (Line Drive, 9LM)
Blair Sweeny scores
Batting: LHB Jim Unknown 0-0: Ball
1-0: Ball
2-0: Called Strike
2-1: Foul Ball, location: 2F
2-2: Foul Ball, location: 2F
2-2: Foul Ball, location: 2F
2-2: Strikes out looking
Batting: RHB Jesús Martínez 0-0: Ball
1-0: Ball
2-0: SINGLE (Line Drive, 6MD)
Francisco Torres to third
Batting: SHB Dan Godwin 0-0: Ball
1-0: Called Strike
1-1: Ball
2-1: Ball
3-1: Fly out, F9 (Flyball, 89M)
Top of the 8th over - 1 run(s), 3 hit(s), 0 error(s), 2 left on base; Tortolita 8 - Vermont 5
BOTTOM OF THE 8TH
Vermont Lake Monsters batting - Pitching for Tortolita Drummers : LHP Jeremy Petty
Batting: LHB Arturo Gonzáles 0-0: Ball
1-0: Ball
2-0: Swinging Strike
2-1: Foul Ball, location: 2F
2-2: Ball
3-2: Foul Ball, location: 2F
3-2: Strikes out swinging
Pitching: RHP Jesús Rivera
Batting: RHB Zelmar Barajas 0-0: Ball
1-0: Ball
2-0: Foul Ball, location: 2F
2-1: Ball
3-1: Base on Balls
Batting: SHB Javier Vega 0-0: Called Strike
0-1: Ball
1-1: Fly out, F4 (Popup, 4)
Batting: RHB António Mendoza 0-0: Ground out 1-3 (Groundball, P)
Bottom of the 8th over - 0 run(s), 0 hit(s), 0 error(s), 1 left on base; Tortolita 8 - Vermont 5
TOP OF THE 9TH
Tortolita Drummers batting - Pitching for Vermont Lake Monsters : RHP Wilson Vélez
Pitching: LHP Jim Unknown
Batting: RHB Tyrone Scott 0-0: Ball
1-0: Swinging Strike
1-1: Ball
2-1: SINGLE (Groundball, 4MD)
Batting: RHB John Moore 0-0: Ball
1-0: Ball
2-0: Swinging Strike
2-1: Grounds into double play, 6-4-3 (Groundball, 6)
Batting: RHB Jorge Rosa 0-0: Ball
1-0: Ball
2-0: Ball
3-0: Called Strike
3-1: Fly out, F7 (Line Drive, 7)
Top of the 9th over - 0 run(s), 1 hit(s), 0 error(s), 0 left on base; Tortolita 8 - Vermont 5
BOTTOM OF THE 9TH
Vermont Lake Monsters batting - Pitching for Tortolita Drummers : RHP Jesús Rivera
Pitching: RHP Javier Hernández
Batting: RHB Xing-li Wang 0-0: Called Strike
0-1: Ground out 4-3 (Groundball, 4)
Batting: RHB Adrian Smith 0-0: Ball
1-0: Called Strike
1-1: Foul Ball, location: 2F
1-2: Ball
2-2: Ball
3-2: Foul Ball, location: 2F
3-2: Foul Ball, location: 2F
3-2: Fly out, F5 (Popup, 5D)
Batting: RHB Ray John 0-0: Called Strike
0-1: Ball
1-1: Called Strike
1-2: Strikes out swinging
Bottom of the 9th over - 0 run(s), 0 hit(s), 0 error(s), 0 left on base; Tortolita 8 - Vermont 5
Monday, March 20th, 2017 - OOTP Baseball 17.12 Build 75